 Dungeon Crawl Stone Soup version 0.16-a0-3636-gf0307c9 (webtiles) character file.

968 Grim the Grappler (level 8, 0/70 (71) HPs)
             Began as a Ghoul Monk on Jan 15, 2015.
             Slain by a gnoll
             ... wielding a +0 spear
              (4 damage)
             ... on level 6 of the Dungeon.
             The game lasted 00:22:43 (5439 turns).

Grim the Grappler (Ghoul Monk)                      Turns: 5439, Time: 00:22:43

HP:   0/70 (71)     AC: 10    Str: 16    XL:     8   Next: 16%
MP:   6/6           EV:  7    Int:  5    God:
Gold: 240           SH:  0    Dex: 12    Spells: 0 memorised, 7 levels left

rFire  . . .     SeeInvis .       - Unarmed
rCold  + . .     Clarity  .     c - +0 chain mail
rNeg   + + +     SustAb   +     (no shield)
rPois  ∞         Gourm    .     v - +0 helmet
rElec  .         Spirit   .     s - +0 cloak
rCorr  .         Warding  .     (no gloves)
rMut   .         Stasis   .     (no boots)
MR     .....                    (no amulet)
Stlth  ..........               (no ring)
                                z - ring of sustain abilities

@: rotting, not resistant to hostile enchantments, extremely unstealthy
A: rotting body, claws 1, carnivore 3, cold resistance 1, negative energy
resistance 3, poison resistance, slow healing 1, torment resistance, unbreathing
a: no special abilities


You were on level 6 of the Dungeon.
You were not hungry.

You visited 1 branch of the dungeon, and saw 6 of its levels.

You collected 240 gold pieces.

Inventory:

Armour
 c - a +0 chain mail (worn)
 s - a +0 cloak (worn)
 v - a +0 helmet (worn)
Jewellery
 z - a ring of sustain abilities (left claw)
Magical devices
 A - a wand of random effects (44)
Scrolls
 a - a scroll of blinking {unknown}
 b - a scroll of remove curse
 d - 7 scrolls of identify
 i - a scroll of noise {unknown}
 j - a scroll of acquirement {unknown}
 k - a scroll of amnesia {unknown}
 m - 4 scrolls of fog
 p - a scroll of fear {unknown}
 r - 2 scrolls of recharging
 u - a scroll of holy word {unknown}
 w - a scroll of vulnerability {unknown}
Potions
 e - 3 potions of brilliance
 g - 4 potions of curing
 n - a potion of flight
 t - a potion of haste {unknown}
Comestibles
 f - 3 beef jerkies
 h - 4 meat rations
 l - a slice of pizza
 o - 6 chunks of flesh
 q - a royal jelly


   Skills:
 + Level 6.6 Fighting
 - Level 2.6 Dodging
 - Level 2.1 Stealth
 * Level 9.3 Unarmed Combat


You had 7 spell levels left.
You didn't know any spells.

Dungeon Overview and Level Annotations

Branches:
Dungeon (6/15)
 Temple: D:4-7

Altars:
Nemelex Xobeh
Sif Muna
Trog
Zin

Annotations:
D:6 Sigmund


Innate Abilities, Weirdness & Mutations

Your body is rotting away.
You thrive on raw meat.
You have sharp fingernails.
You are carnivorous and can eat meat at any time.
Your flesh is cold resistant.
You are immune to negative energy.
Your system is resistant to poisons.
You heal slowly when monsters are visible.
You are immune to unholy pain and torment.
You can survive without breathing.


Message History

It is a scroll of recharging.
Charge which item? (? for menu, Esc to quit)
Your wand of random effects glows for a moment.
The gnoll hits you but does no damage. The gnoll hits you with a spear.
* * * LOW HITPOINT WARNING * * *
You hear some strange, mumbled words.
A puff of flame appears from out of thin air!
The puff of flame hits you!
* * * LOW HITPOINT WARNING * * *
Read which item? (? for menu, Esc to quit)
As you read the scroll labeled WAMPI WUPHIAB, it crumbles to dust.
You feel aware of your surroundings.
It was a scroll of magic mapping.
The gnoll completely misses you. The gnoll hits you but does no damage.
Something hits you.
* * * LOW HITPOINT WARNING * * *
Read which item? (? for menu, Esc to quit)
As you read the scroll labeled BEGUNY TAOSUWO, it crumbles to dust.
The dust glows faint white!
It was a scroll of random uselessness.
The gnoll closely misses you. The gnoll hits you with a spear.
You die...

#..# **,,,,......... #.##
*****#[......<
####.###########........(..
#.....##.........#*..#..[.#
#....>...##.######*,,#....*
#.....#####...#.##.,......*
####### #................*
#.##,#.###,*#...., *****
*#@#,*,,#*,,,,....* *,,,*
*#gg{#,,*,,,,*,,,,., *,,,*
#...##,**,*,,,,**,,, *,,,*
#...#*,**,,,,****,,, **,**
#...#*,,,,,***,,,,*, **,*
#....,,,,,,***,**,*, *,**
###.#,,,,,,,,,,**,,, **,*
**...,,,,,,,,*****,* *,**
*,...,,,,***,,*,8,*,


You could see 2 gnolls.

Vanquished Creatures
  2 sky beasts (D:5)
  2 ogres
  A scorpion (D:4)
  2 crimson imps
  2 hounds
  An orc priest (D:3)
  A centaur skeleton (D:6)
  3 orc wizards
  A worker ant (D:4)
  A worker ant zombie (D:5)
  2 gnolls (D:6)
  8 adders
  A shadow imp (D:5)
  4 worms
  A giant mite (D:6)
  3 giant geckos
  An ooze (D:4)
  20 orcs
  9 bats
  A giant cockroach (D:2)
  14 goblins
  11 hobgoblins
  3 quokkas
  3 ball pythons
  4 giant newts
  7 jackals (D:5)
  15 kobolds
  9 rats
132 creatures vanquished.

Vanquished Creatures (others)
  A wizard (D:4)
1 creature vanquished.

Grand Total: 133 creatures vanquished

Notes
Turn   | Place    | Note
--------------------------------------------------------------
     0 | D:1      | Grim, the Ghoul Monk, began the quest for the Orb.
     0 | D:1      | Reached XP level 1. HP: 19/19 MP: 1/1
   238 | D:1      | Reached XP level 2. HP: 21/26 MP: 2/2
   323 | D:1      | Reached skill level 5 in Unarmed Combat
   796 | D:1      | Reached XP level 3. HP: 14/30 MP: 3/3
  1440 | D:2      | Found a sparkling altar of Nemelex Xobeh.
  1841 | D:2      | Reached XP level 4. HP: 40/40 MP: 3/3
  2368 | D:3      | Reached skill level 6 in Unarmed Combat
  2368 | D:3      | Reached XP level 5. HP: 43/46 MP: 4/4
  2980 | D:3      | Reached skill level 7 in Unarmed Combat
  2980 | D:3      | Reached XP level 6. HP: 37/53 MP: 5/5
  3328 | D:4      | Found a glowing silver altar of Zin.
  3638 | D:4      | Reached skill level 5 in Fighting
  3731 | D:4      | Found a bloodstained altar of Trog.
  3731 | D:4      | Noticed a wizard
  3737 | D:4      | Killed a wizard
  3854 | D:4      | Reached XP level 7. HP: 46/61 MP: 5/5
  4220 | D:5      | Entered Level 5 of the Dungeon
  4244 | D:5      | Reached skill level 8 in Unarmed Combat
  4768 | D:5      | Reached skill level 9 in Unarmed Combat
  4851 | D:5      | Found a deep blue altar of Sif Muna.
  5160 | D:5      | Reached XP level 8. HP: 67/70 MP: 6/6
  5410 | D:6      | Noticed Sigmund
  5435 | D:6      | HP: 3/70 [something (9)]
  5439 | D:6      | Slain by a gnoll

Action                   |  1- 3 |  4- 6 |  7- 9 || total
-------------------------+-------+-------+-------++-------
Melee: Unarmed           |   131 |   208 |   155 ||   494
  Use: Scroll            |     7 |       |     6 ||    13
       Potion            |       |     1 |     1 ||     2
 Stab: Sleeping          |     2 |       |       ||     2
  Eat: Chunk             |    12 |    23 |    11 ||    46
